 Dungeon Crawl Stone Soup version 0.20.0-8-g6b59dc7 (webtiles) character file.

58 4thArraOfDagon the Cutter (level 4, -2/30 HPs)
             Began as a Barachi Enchanter on May 31, 2017.
             Slain by a quokka (4 damage)
             ... on level 5 of the Dungeon.
             The game lasted 00:03:52 (675 turns).

4thArraOfDagon the Cutter (Barachi Enchanter)        Turns: 675, Time: 00:03:53

Health: -2/30      AC:  2    Str:  9    XL:     4   Next: 1%
Magic:  0/7        EV: 12    Int: 17    God:
Gold:   81         SH:  0    Dex: 12    Spells: 4/7 levels left

rFire    . . .     SeeInvis .   a - +1 dagger
rCold    . . .     Gourm    .   (no shield)
rNeg     . . .     Faith    .   b - +0 robe
rPois    .         Spirit   .   (no helmet)
rElec    .         Reflect  .   (no cloak)
rCorr    .         Harm     .   (no gloves)
MR       .....                  (no boots)
Stlth    ++........             (no amulet)
Regen    0.1/turn               (no ring)
MPRegen  0.1/turn               (no ring)

@: very slightly contaminated, slow
A: +LOS, swims, slowness 1, strong legs 1
a: Hop


You were on level 5 of the Dungeon.
You were not hungry.

You visited 1 branch of the dungeon, and saw 5 of its levels.

You collected 81 gold pieces.

Inventory:

Hand Weapons
 a - a +1 dagger (weapon)
Armour
 b - a +0 robe (worn)
Jewellery
 j - an uncursed ring of fire
Scrolls
 e - a scroll of teleportation {unknown}
 f - a scroll of remove curse {unknown}
 g - a scroll of noise {unknown}
 h - a scroll of enchant weapon {unknown}
 k - a scroll of recharging {unknown}
Books
 c - a book of Maledictions

   Spells                             Type                      Level
   a - Corona                         Hexes                        1
   b - Ensorcelled Hibernation        Hexes/Ice                    2
   c - Confuse                        Hexes                        3
   d - Tukima's Dance                 Hexes                        3
   e - Dazzling Spray                 Conjuration/Hexes            3
Comestibles
 d - a bread ration
 i - a meat ration


   Skills:
 + Level 0.0 Fighting
 - Level 4.1 Short Blades
 + Level 2.1 Dodging
 - Level 2.6 Stealth
 - Level 2.1 Spellcasting
 - Level 3.2 Hexes


You had 4 spell levels left.
You knew the following spells:

 Your Spells              Type           Power        Failure   Level  Hunger
a - Corona                Hex            ##.....      4%          1    #......
b - Ensorcelled Hibernat  Hex/Ice        #.....       14%         2    ###....


Dungeon Overview and Level Annotations

Branches:
Dungeon (5/15)
 Temple: D:4-7

Altars:
Hepliaklqana
Kikubaaqudgha
Ru
Sif Muna


Innate Abilities, Weirdness & Mutations

Shadows flee at your approach. (+LOS)
You can swim through water.
You cover ground slowly.
You can hop short distances.


Message History

The quokka misses you. The giant cockroach bites you.
* * * LOW HITPOINT WARNING * * *
You aren't carrying any potions.
You barely miss the quokka.
The quokka is lightly wounded.
The quokka bites you.
* * * LOW HITPOINT WARNING * * *
Unknown command.
You barely miss the quokka.
The quokka is lightly wounded.
The giant cockroach bites you.
* * * LOW HITPOINT WARNING * * *
The quokka bites you.
* * * LOW HITPOINT WARNING * * *
Unknown command.
Unknown command.
You hit the quokka but do no damage.
The quokka is lightly wounded.
The giant cockroach barely misses you. The quokka bites you.
You die...

######## ##......####
##..........###
##.............####
###.................###
#.....<..........s....#
#.#.............@r....#
.##...............#...######
####.............##........#
# #............###s........
# ##...........# #.........
#..........## #.........
##........## ..........
#.......## ..........
##....### ...........


You could see a quokka and a giant cockroach.

Vanquished Creatures
  A hound (D:4)
  An adder (D:4)
  An orc (D:4)
  A giant cockroach (D:3)
  A goblin (D:2)
  3 hobgoblins (D:2)
  3 kobolds (D:2)
  3 bats
  4 frilled lizards
  4 rats (D:3)
22 creatures vanquished.

Notes
Turn   | Place    | Note
-------+----------+-------------------------------------------
     0 | D:1      | 4thArraOfDagon the Barachi Enchanter began the quest for the Orb.
     0 | D:1      | Reached XP level 1. HP: 13/13 MP: 3/3
     0 | D:1      | Noticed a jelly
    52 | D:2      | Found a deep blue altar of Sif Muna.
    56 | D:2      | Found an ancient bone altar of Kikubaaqudgha.
    59 | D:2      | Found a sacrificial altar of Ru.
   407 | D:2      | Reached skill level 2 in Short Blades
   433 | D:2      | Reached XP level 2. HP: 15/19 MP: 1/5
   445 | D:2      | Learned a level 2 spell: Ensorcelled Hibernation
   566 | D:4      | Found a hazy altar of Hepliaklqana.
   593 | D:5      | Entered Level 5 of the Dungeon
   626 | D:4      | Reached skill level 3 in Short Blades
   626 | D:4      | Reached XP level 3. HP: 9/24 MP: 3/6
   636 | D:4      | Reached skill level 4 in Short Blades
   636 | D:4      | Reached XP level 4. HP: 12/30 MP: 2/7
   675 | D:5      | Slain by a quokka

Skill      XL: |  1  2  3 |
---------------+----------+-----
Short Blades   | 2 3 4 |  4.1
Dodging        | |  2.1
Stealth        | |  2.6
Spellcasting   | |  2.1
Hexes          | |  3.2

Action                   |  1- 3 |  4- 6 || total
-------------------------+-------+-------++-------
Melee: Dagger            |    58 |     4 ||    62
 Cast: Corona            |    12 |       ||    12
       Ensorcelled Hiber |     3 |     2 ||     5
 Stab: Sleeping          |     8 |       ||     8
Armor: Robe              |     8 |       ||     8
Dodge: Dodged            |    32 |     4 ||    36
